 Dungeon Crawl Stone Soup version 0.25-a0-558-g78a2afb0af (webtiles) character file.

Game seed: 9901299827506123840, levelgen mode: deterministic

23 surprisetrex the Skirmisher (level 3, 29/33 HPs)
             Began as a Hill Orc Fighter on Feb 23, 2020.
             Quit the game on level 1 of the Dungeon on Feb 24, 2020.
             The game lasted 00:05:44 (750 turns).

surprisetrex the Skirmisher (Hill Orc Fighter)       Turns: 750, Time: 00:05:44

Health: 29/33      AC:  6    Str: 19    XL:     3   Next: 0%
Magic:  3/3        EV:  7    Int:  8    God:
Gold:   0          SH:  9    Dex: 10    Spells: 2/2 levels left

rFire    . . .     SeeInvis .   a - +0 trident
rCold    . . .     Gourm    .   c - +0 kite shield
rNeg     . . .     Faith    .   h - +0 scale mail
rPois    .         Spirit   .   (no helmet)
rElec    .         Reflect  .   (no cloak)
rCorr    .         Harm     .   (no gloves)
MR       .....                  (no boots)
Stlth    ..........             (no amulet)
HPRegen  0.11/turn              (no ring)
MPRegen  0.08/turn              (no ring)

@: no status effects
A: no striking features
a: no special abilities


You were on level 1 of the Dungeon.
You were not hungry.

You visited 1 branch of the dungeon, and saw 1 of its levels.

Inventory:

Hand Weapons
 a - a +0 trident (weapon)
 b - a +0 hunting sling
Armour
 c - a +0 kite shield (worn)
 h - a +0 scale mail (worn)
 j - a +0 leather armour
Scrolls
 e - 3 scrolls of teleportation {unknown}
 g - a scroll of identify {unknown}
 i - 2 scrolls of remove curse {unknown}
Potions
 d - a potion of might
 k - a potion of lignification {unknown}
Comestibles
 f - 2 rations


   Skills:
 + Level 4.0 Fighting
 + Level 2.6 Polearms
 + Level 3.6 Armour
 + Level 3.6 Shields


You had 2 spell levels left.
You didn't know any spells.
Your spell library was empty.

Dungeon Overview and Level Annotations

Branches:
Dungeon (1/15)

Altars:


Message History

You puncture the jackal!
You kill the jackal!
Your Fighting skill increases to level 4!
The jackal barely misses you. The jackal completely misses you.
You block the jackal's attack.
You see here a scroll labeled XAOHI PUZXE.
You hit the jackal but do no damage. The jackal barely misses you.
The jackal bites you but does no damage.
You barely miss the jackal. The jackal barely misses you.
The jackal bites you but does no damage.
You puncture the jackal!
You kill the jackal!
You have reached level 3!
Your experience leads to an increase in your attributes!
Increase (S)trength, (I)ntelligence, or (D)exterity?
Uppercase letters only, please.
You feel stronger.
Welcome back, surprisetrex the Hill Orc Fighter.
Press ? for a list of commands and other information.
Are you sure you want to abandon this character and quit the game? (Confirm with "yes".)

### #.... #.# #....
.... ######.#### ...
.... #.........# ...
..# #.####.#### .?.
#.# #.# #.# #.# # ###
#.# #.# #########.#
#. ..# #. #.#
#......##†#
#.##.###.#
#.####.####.##@####.#
........ #.......#
#.#†?.....#####.####.
######..#
#.#..######........'.
#..###.#..#
#.###.####.
#..#......# ###.#
#.##### #..#.#.#.##
#...# #......
#†.#.#.#.# #.###
####### #....#.#.#
#.# ##.###.#.#####.#


There were no monsters in sight!

Vanquished Creatures
  A leopard gecko (D:1)
  4 bats (D:1)
  4 hobgoblins (D:1)
  7 jackals (D:1)
  A kobold (D:1)
  A rat (D:1)
18 creatures vanquished.

Notes
Turn   | Place    | Note
-------+----------+-------------------------------------------
     0 | D:1      | surprisetrex the Hill Orc Fighter began the quest for the
                  | Orb.
     0 | D:1      | Reached XP level 1. HP: 19/19 MP: 1/1
    76 | D:1      | Reached XP level 2. HP: 7/27 MP: 2/2
   744 | D:1      | Reached skill level 4 in Fighting
   748 | D:1      | Reached XP level 3. HP: 29/33 MP: 3/3
   750 | D:1      | Upgraded the game from 0.25-a0-549-g6e6e6501ad to
                  | 0.25-a0-558-g78a2afb0af
   750 | D:1      | Quit the game

Levels and vault maps discovered:
D:1:      mrwooster_arrival_statue_3, layout_basic

Skill      XL: |  1  2 |
---------------+-------+-----
Fighting       | 4 |  4.0
Polearms       | |  2.6
Armour         | |  3.6
Shields        | |  3.6

Action                   || total
-------------------------++-------
Melee: Trident           ||    45
Armor: Scale mail        ||    50
Dodge: Dodged            ||    33
Block: Kite shield       ||    53

Table legend:
 A = Non-vault XP
 B = Vault XP
 C = Vault XP percentage of total XP
 D = Non-vault monster count
 E = Vault monster count
 F = Vault count percentage of total count
                 A         B        C        D         E       F
            +---------+---------+-------+---------+---------+-------
      Total |      34 |       0 |   0.0 |      18 |       0 |   0.0
            +---------+---------+-------+---------+---------+-------
        D:1 |      34 |       0 |   0.0 |      18 |       0 |   0.0
            +---------+---------+-------+---------+---------+-------
